Map: Backwater LE

Players

scøørn - Winner!

  • Race: Terran Terran
  • League: Platinum
  • Spawn Location: 11:00

axu

  • Race: Protoss Protoss
  • League: Platinum
  • Spawn Location: 5:00

VOD

Have the link to the VOD?

Description

Time

  • Played on: March 30, 2018, 11:39 a.m.
  • Length: 7:29
Show
View Real Time Build Order
Export as new Build Order

scøørn Terran - Winner!

Build Orders: MMM Bio 

Get SALT Encoding   

  12  0:02  SCV  
  13  0:14  SCV  
  13  0:17  Supply Depot  
  14  0:26  SCV  
  15  0:39  SCV  
  15  0:40  Barracks  
  16  0:46  Refinery  
  16  0:51  SCV  
  17  1:03  SCV  
  18  1:15  SCV  
  19  1:27  SCV  
  19  1:29  Reaper  
  21  1:41  Command Center  
  21  1:49  Orbital Command  
  21  1:59  Refinery  
  21  2:15  Supply Depot  
  21  2:21  Barracks Reactor  
  21  2:26  SCV  
  22  2:32  Factory  
  21  2:38  SCV  
  22  2:55  Barracks  
  22  2:57  Barracks  
  22  2:58  Marine x2  
  22  3:05  Orbital Command  
  24  3:07  SCV  
  25  3:19  SCV  
  26  3:31  Factory Tech Lab  
  26  3:32  Marine  
  26  3:33  Marine  
  28  3:34  SCV x2  
  30  3:42  Marine  
  30  3:46  SCV x2  
  30  3:47  Barracks Tech Lab  
  33  3:50  Marine  
  33  3:55  Starport  
  34  3:56  Siege Tank  
  34  3:59  SCV x2  
  39  4:08  Supply Depot  
  39  4:09  Marauder, Marine  
  42  4:14  Stimpack  
  42  4:16  SCV  
  43  4:17  SCV  
  44  4:25  Engineering Bay  
  44  4:35  SCV  
  44  4:36  SCV  
  46  4:38  Supply Depot  
  46  4:50  Marine x2  
  49  4:55  Barracks Tech Lab  
  49  4:59  Combat Shields  
  48  5:01  SCV x2  
  48  5:03  Terran Infantry Weapons Level 1  
  50  5:07  Missile Turret  
  50  5:09  Marauder  
  50  5:12  Missile Turret  
  50  5:13  SCV x2, Missile Turret  
  54  5:17  Supply Depot, Marine  
  54  5:18  Marine  
  56  5:25  SCV  
  57  5:29  Marine  
  57  5:33  Factory Reactor  
  58  5:36  Marauder x2  
  58  5:38  Refinery  
  58  5:39  Medivac x2  
  66  5:48  Marauder  
  68  5:55  Supply Depot  
  68  5:57  SCV x2  
  68  6:00  Liberator  
  70  6:06  Marine x2  
  70  6:09  Marine, SCV x2  
  70  6:10  Command Center  
  75  6:14  Medivac  
  80  6:19  Supply Depot  
  80  6:21  SCV  
  81  6:26  Supply Depot, SCV  
  81  6:29  Refinery  
  81  6:30  Marine  
  81  6:31  Marine  
  84  6:33  SCV  
  84  6:39  SCV  
  86  6:49  Supply Depot  
  84  7:07  Marine  
  84  7:08  Marine x2  
Show
View Real Time Build Order
Export as new Build Order

axu Protoss 

Build Orders: 1 Gate Expand, Blink Stalkers 

Get SALT Encoding   

  12  0:00  Probe  
  13  0:14  Probe  
  14  0:25  Pylon  
  14  0:27  Probe  
  15  0:43  Gateway, Probe  
  16  0:53  Assimilator  
  16  0:55  Probe (Chrono Boost)  
  18  1:05  Probe (Chrono Boost)  
  18  1:10  Probe  
  19  1:24  Probe  
  20  1:39  Nexus  
  20  1:46  Cybernetics Core  
  20  2:06  Assimilator  
  20  2:07  Probe (Chrono Boost)  
  22  2:17  Probe (Chrono Boost)  
  22  2:26  Pylon  
  22  2:29  Warp Gate  
  22  2:35  Stalker  
  23  2:46  Probe (Chrono Boost)  
  24  2:57  Probe x2 (Chrono Boost)  
  26  3:02  Twilight Council, Probe (Chrono Boost)  
  26  3:04  Probe (Chrono Boost)  
  28  3:16  Pylon  
  28  3:18  Gateway  
  28  3:22  Robotics Facility  
  28  3:25  Shield Battery  
  28  3:27  Probe x2  
  30  3:39  Probe (Chrono Boost)  
  30  3:40  Blink, Probe (Chrono Boost)  
  32  3:51  Probe (Chrono Boost)  
  32  3:52  Probe (Chrono Boost)  
  34  3:56  Stalker  
  34  3:57  Probe x2 (Chrono Boost)  
  38  4:05  Probe (Chrono Boost)  
  38  4:06  Stalker  
  38  4:07  Probe (Chrono Boost)  
  38  4:09  Observer  
  44  4:18  Assimilator, Probe (Chrono Boost)  
  44  4:23  Probe (Chrono Boost)  
  45  4:31  Assimilator, Immortal  
  51  4:48  Pylon, Probe x2  
  51  4:58  Stalker  
  53  5:00  Probe  
  53  5:05  Pylon  
  53  5:06  Probe  
  55  5:07  Pylon  
  55  5:12  Nexus, Probe  
  56  5:22  Stalker  
  56  5:23  Stalker  
  56  5:26  Probe x2  
  62  5:31  Pylon  
  62  5:38  Probe x2  
  64  5:47  Robotics Bay  
  64  5:48  Gateway x2  
  64  5:57  Gateway  
  64  6:14  Immortal  
  64  6:16  Stalker x2  
  72  6:27  Pylon  
  72  6:29  Probe x3  
  72  6:30  Pylon  
  75  6:33  Pylon  
  75  6:41  Probe  
  75  6:44  Shield Battery  
Tags
 
Add a new tag
Caveats
  • Supply blocks, unpowered buildings, or Contaminate may cause inaccurate times.
  • Supply counts are checked every 10 seconds.